 Dungeon Crawl Stone Soup version 0.28.0-43-g3370ac3207 (webtiles) character file.

Game seed: 5203741487373700398

49 pkoi the Chopper (level 3, 0/31 HPs)
             Began as a Hill Orc Monk on Mar 16, 2022.
             Slain by a goblin
             ... wielding a +0 club
             ... led by Robin
              (3 damage)
             ... on level 2 of the Dungeon.
             The game lasted 00:01:50 (2353 turns).

pkoi the Chopper (Hill Orc Monk)                    Turns: 2353, Time: 00:01:51

Health: 0/31       AC:  2    Str: 15    XL:     3   Next: 77%
Magic:  3/3        EV: 12    Int: 10    God:
Gold:   42         SH:  0    Dex: 13    Spells: 2/2 levels left

rFire   . . .      SeeInvis .   a - +0 hand axe
rCold   . . .      Faith    .   (no shield)
rNeg    . . .      Spirit   .   b - +0 robe
rPois   .          Reflect  .   (no helmet)
rElec   .          Harm     .   (no cloak)
rCorr   .          Rampage  .   (no gloves)
Will    .....                   (no boots)
Stlth   ++........              (no amulet)
HPRegen 0.10/turn               (no ring)
MPRegen 0.08/turn               (no ring)

@: no status effects
A: no striking features
a: no special abilities


You were on level 2 of the Dungeon.
You visited 1 branch of the dungeon, and saw 2 of its levels.

You collected 42 gold pieces.

Inventory:

Hand Weapons
 a - a +0 hand axe (weapon)
Armour
 b - a +0 robe (worn)
Scrolls
 c - 2 scrolls of identify {unknown}
 d - a scroll of noise {unknown}
 g - a scroll of amnesia {unknown}
Potions
 e - a potion of attraction {unknown}
 f - a potion of mutation {unknown}


   Skills:
 - Level 3.6 Fighting
 + Level 6.1 Axes
 - Level 2.4 Dodging
 - Level 1.5 Stealth


You had 2 spell levels left.
You didn't know any spells.
Your spell library contained the following spells:

 Spells                   Type           Power      Damage    Failure   Level
 Foxfire                  Conj/Fire      0%         2x1d4     36%         1
 Conjure Flame            Conj/Fire      0%         6-21      75%         3
 Inner Flame              Hex/Fire       0%         N/A       75%         3
 Flame Wave               Conj/Fire      0%         2d4       98%         4


Dungeon Overview and Level Annotations

Branches:
Dungeon (2/15)

Altars:


Message History

Robin is heavily wounded.
You hit the hobgoblin.
You kill the hobgoblin!
Robin closely misses you.
Unknown command.
You hit Robin but do no damage.
Robin is heavily wounded.
You hit the goblin. Robin throws the goblin at you!
* * * LOW HITPOINT WARNING * * *
The goblin misses you.
Unknown command.
You hit Robin.
Robin is severely wounded.
You hit the goblin. You hit the hobgoblin. You hit the goblin.
The hobgoblin misses you. Robin hits you with a +0 spear.
* * * LOW HITPOINT WARNING * * *
The goblin misses you. The goblin hits you with a +0 club.
* * * LOW HITPOINT WARNING * * *
You hit Robin.
You kill Robin!
You closely miss the goblin. You closely miss the hobgoblin.
You hit the goblin.
You kill the goblin!
The hobgoblin closely misses you. The goblin closely misses you.
Your Axes skill increases to level 6!
The goblin unwields a +0 hunting sling.
The goblin wields a +0 dagger.
The goblin misses you. The goblin hits you with a +0 club.
* * * LOW HITPOINT WARNING * * *
Things that are here:
a +0 spear; a +0 animal skin; a +0 helmet Unknown command.
You closely miss the goblin. x2; You closely miss the hobgoblin.
The hobgoblin barely misses you. The goblin barely misses you.
The goblin closely misses you.
Unknown command.
You barely miss the goblin. You barely miss the hobgoblin.
You barely miss the goblin. The hobgoblin hits you.
* * * LOW HITPOINT WARNING * * *
The goblin barely misses you. The goblin hits you with a +0 club.
You die...

....... ....
####...###g.# #####>
............# #.....
###.....).#####.....
#...##### #...#... #.).#
#....... #...# #.......
#gg.# #..#..#
######@g.###### #......
#.......).....###.##..#
...................##.†.
.#.............#######†#
####.......#####...##.#
#.......# #......#
#.......#####...####
#.......#.......#
#.......#.####..#


You could see a hobgoblin (strong) and 2 goblins.

Vanquished Creatures
  Robin (D:2)
  A dart slug (D:2)
  2 ball pythons
  2 bats (D:1)
  An endoplasm (D:2)
  3 giant cockroaches (D:1)
  6 goblins
  5 hobgoblins
  4 jackals
  A quokka (D:1)
  A kobold (D:1)
  3 rats
30 creatures vanquished.

Vanquished Creatures (others)
  A goblin (D:2)
1 creature vanquished.

Grand Total: 31 creatures vanquished

Notes
Turn   | Place    | Note
-------+----------+-------------------------------------------
     0 | D:1      | pkoi the Hill Orc Monk began the quest for the Orb.
     0 | D:1      | Reached XP level 1. HP: 19/19 MP: 1/1
   506 | D:1      | Reached XP level 2. HP: 25/26 MP: 2/2
   592 | D:1      | Found a faded altar of an unknown god.
   856 | D:1      | Reached skill level 5 in Axes
  1670 | D:2      | Reached XP level 3. HP: 22/31 MP: 3/3
  1989 | D:2      | Noticed Robin
  2350 | D:2      | Killed Robin
  2351 | D:2      | Reached skill level 6 in Axes
  2353 | D:2      | Slain by a goblin

Illustrated notes

Levels and vault maps discovered:
D:1:      evilmike_arrival_rings, layout_loops_ring, basic_ecumenical_altar,
          roderic_roman_lattice, minmay_close_crescents
D:2:      layout_loops_cross, uniq_crazy_yiuf_cottage, uniq_terence, uniq_robin

Skill      XL: |  1  2  3 |
---------------+----------+-----
Axes           | 5 6 |  6.1
Fighting       | |  3.6
Dodging        | |  2.4
Stealth        | |  1.5

Action                   || total
-------------------------++-------
Melee: Hand axe          ||   103
       Punch             ||     2
 Stab: Sleeping          ||     1
Armor: Robe              ||    15
Dodge: Dodged            ||    77
